 Dungeon Crawl Stone Soup version 0.19-a0-1886-gd64a0f0 (webtiles) character file.

453 Psiweapon the Carver (level 6, -7/50 HPs)
             Began as a Minotaur Gladiator on Oct 16, 2016.
             Mangled by matthes123's ghost (13 damage)
             ... on level 4 of the Dungeon.
             The game lasted 00:10:27 (4398 turns).

Psiweapon the Carver (Minotaur Gladiator)           Turns: 4398, Time: 00:10:28

Health: -7/50      AC:  3    Str: 20    XL:     6   Next: 75%
Magic:  5/5        EV: 14    Int:  5    God:
Gold:   226        SH:  0    Dex: 12    Spells: 0 memorised, 5 levels left

rFire  . . .     SeeInvis .     a - +0 long sword
rCold  . . .     Gourm    .     D - +0 leather armour
rNeg   . . .     Faith    .     (no shield)
rPois  .         Spirit   .     c - +0 hat
rElec  .         Dismiss  .     (no cloak)
rCorr  .         Reflect  .     (no gloves)
MR     .....     Harm     .     (no boots)
Stlth  +.........               (no amulet)
                                (no ring)
                                (no ring)

@: starving
A: retaliatory headbutt, horns 2
a: no special abilities


You were on level 4 of the Dungeon.
You were starving.

You visited 1 branch of the dungeon, and saw 5 of its levels.

You collected 226 gold pieces.

Inventory:

Hand Weapons
 a - a +0 long sword (weapon)
 b - a +0 hunting sling
 h - a +1 hand axe of freezing
 n - a +3 dagger of venom
 G - a +0 dagger of electrocution
Missiles
 d - 4 throwing nets
 p - 83 stones (quivered)
 q - 41 bolts
 r - 17 sling bullets
Armour
 c - a +0 hat (worn)
 j - a +0 cloak
 l - a +0 ring mail
 D - a +0 leather armour (worn)
Jewellery
 B - an uncursed ring of fire
Scrolls
 g - 2 scrolls of magic mapping {unknown}
 k - a scroll of teleportation {unknown}
 m - 2 scrolls of identify {unknown}
 t - 3 scrolls of amnesia {unknown}
 u - a scroll of enchant armour {unknown}
 y - a scroll of fog {unknown}
 z - a scroll of recharging {unknown}
 A - a scroll of blinking {unknown}
 E - 3 scrolls of remove curse {unknown}
 I - a scroll of random uselessness {unknown}
Potions
 e - a potion of lignification {unknown}
 i - 4 potions of curing
 o - a potion of haste {unknown}
 w - a potion of flight {unknown}
 C - a potion of agility {unknown}
 F - 2 potions of ambrosia {unknown}
 H - a potion of resistance {unknown}
Comestibles
 f - 2 bread rations
 s - 2 meat rations
 v - a royal jelly
 x - a slice of pizza


   Skills:
 - Level 2.4 Fighting
 * Level 8.0 Long Blades
 - Level 2.0 Throwing
 - Level 5.3 Dodging


You had 5 spell levels left.
You didn't know any spells.

Dungeon Overview and Level Annotations

Branches:
Dungeon (5/15)
 Temple: D:4-7

Altars:
Ashenzari
Cheibriados
Elyvilon
Trog
Zin

Annotations:
D:4 Crazy Yiuf; matthes123's ghost, amateur GrFi


Innate Abilities, Weirdness & Mutations

You reflexively headbutt those who attack you in melee.
You have a pair of horns on your head.


Message History

You hit matthes123's ghost but do no damage.
Matthes123's ghost is moderately damaged.
You are starving!
Matthes123's ghost keens inconsolably.
Matthes123's ghost hits you!
* * * LOW HITPOINT WARNING * * *
You hit matthes123's ghost but do no damage.
Matthes123's ghost is moderately damaged.
Matthes123's ghost whispers, "There is no future for you."
Matthes123's ghost hits you.
* * * LOW HITPOINT WARNING * * *
You hit matthes123's ghost but do no damage.
You headbutt matthes123's ghost, but do no damage.
Matthes123's ghost is moderately damaged.
Matthes123's ghost wails, "I was like you once."
Matthes123's ghost barely misses you.
You hit matthes123's ghost but do no damage.
Matthes123's ghost is moderately damaged.
Matthes123's ghost hits you!
You die...

.###...###...##...# ## ##.##
######...# ## #.# #...# #.
##.## ######...##############.
#...###........##.............
#.P.#...####...##............#
#...#.### #...##........#####
####.#### ##.###......g...#
##....# #@###.....####.###
......# #W....##### #g#..
#....## #####..#### #....
#....# ###...[..# ##W..#
#....# ##...#.(.## #<...#
##...# ##......(..## ##.#.##
##.## #.......(...# ###....#
##.# #...........# ####...#..#
#.## #...........# #....###..#


You could see matthes123's ghost.

Vanquished Creatures
  A centaur (D:5)
  A scorpion (D:4)
  A crimson imp (D:5)
  A hound (D:4)
  A centaur skeleton (D:4)
  An iguana (D:4)
  A worker ant (D:5)
  8 adders
  An ooze (D:3)
  5 worms
  2 dart slugs
  4 leopard geckos
  4 orcs
  2 ball pythons
  5 giant cockroaches
  7 goblins
  7 hobgoblins
  3 jackals (D:1)
  A quokka (D:5)
  8 bats
  6 frilled lizards
  7 kobolds
  A quokka zombie (D:5)
  11 rats
89 creatures vanquished.

Notes
Turn   | Place    | Note
-------+----------+-------------------------------------------
     0 | D:1      | Psiweapon the Minotaur Gladiator began the quest for the Orb.
     0 | D:1      | Reached XP level 1. HP: 18/18 MP: 0/0
   133 | D:2      | Reached skill level 4 in Long Blades
   133 | D:2      | Reached XP level 2. HP: 25/25 MP: 1/1
   631 | D:1      | Reached XP level 3. HP: 30/30 MP: 2/2
   896 | D:2      | Found a glowing silver altar of Zin.
  1159 | D:2      | Reached skill level 5 in Long Blades
  1353 | D:2      | Reached XP level 4. HP: 36/37 MP: 3/3
  2514 | D:3      | Reached XP level 5. HP: 36/42 MP: 4/4
  2648 | D:3      | Reached skill level 6 in Long Blades
  2650 | D:3      | Found a shattered altar of Ashenzari.
  2696 | D:5      | Entered Level 5 of the Dungeon
  2715 | D:5      | Noticed a centaur
  2720 | D:5      | Killed a centaur
  2720 | D:5      | Reached skill level 5 in Dodging
  2730 | D:5      | Reached skill level 7 in Long Blades
  2730 | D:5      | Reached XP level 6. HP: 46/50 MP: 5/5
  2867 | D:5      | Noticed a moth of wrath
  2870 | D:5      | Found a bloodstained altar of Trog.
  3584 | D:4      | Found a snail-covered altar of Cheibriados.
  3716 | D:4      | Reached skill level 8 in Long Blades
  3722 | D:4      | Found a white marble altar of Elyvilon.
  3764 | D:4      | Found a runed door.
  3768 | D:4      | Noticed Crazy Yiuf
  3768 | D:4      | Noticed matthes123's ghost (amateur GrFi)
  4398 | D:4      | Mangled by matthes123's ghost

Vault maps used:
D:1:      dpeg_arrival_connections, minmay_tree_intersection
D:2:      wad_pebble_path, zin_statuary, first_bread
D:3:      kennysheep_six_static_rooms, ashenzari_conservatory_becter
D:4:      nicolae_overflow_crystal_walls, elyvilon_altar_1,
          uniq_crazy_yiuf_cottage
D:5:      tgw_trog, uniq_menkaure

Skill      XL: |  1  2  3  4  5  6 |
---------------+-------------------+-----
Long Blades    | 4 5 7 8 |  8.0
Dodging        | 4 5 |  5.3
Fighting       | |  2.4
Throwing       | |  2.0

Action                   |  1- 3 |  4- 6 || total
-------------------------+-------+-------++-------
Melee: Long sword        |    68 |   145 ||   213
       Headbutt          |     5 |    33 ||    38
 Fire: Hunting sling     |       |    16 ||    16
Throw: Stone             |     3 |       ||     3
  Use: Potion            |       |     1 ||     1
  Eat: Chunk             |     1 |     8 ||     9
Armor: Leather armour    |    21 |    12 ||    33
Dodge: Dodged            |    53 |    76 ||   129
       Rpst.: Long sword |    16 |    13 ||    29
